 Dungeon Crawl Stone Soup version 0.31-a0-574-g69dc8cc98e (webtiles) character file.

Game seed: 14240724611553359193

305 NinjaNoafa the Ruffian (level 6, -6/42 HPs)
             Began as an Octopode Shapeshifter on Aug 18, 2023.
             Was a Follower of Vehumet.
             Killed by divine providence
             ... invoked by an orc priest
              (13 damage)
             ... on level 4 of the Dungeon.
             The game lasted 00:05:02 (2703 turns).

NinjaNoafa the Ruffian (Octopode Shapeshifter)      Turns: 2703, Time: 00:05:03

Health: -6/42      AC:  1    Str: 15    XL:     6   Next: 39%
Magic:  0/6        EV: 19    Int: 12    God:    Vehumet [*.....]
Gold:   102        SH:  0    Dex: 12    Spells: 4/5 levels left

rFire   . .          .
                       - Unarmed
rCold   . . .        (no shield)
rNeg    . . .        (helmet currently unavailable)
rPois   .            (no amulet)
rElec   .            l - +5 ring of evasion
rCorr   .            (no ring)
SInv    .            (no ring)
Will    .....        (no ring)
Stlth   ++           (no ring)
HPRegen 0.27/turn    (no ring)
MPRegen 0.10/turn    (no ring)
                     (no ring)

%: no passive effects
@: beast-form, very slightly contaminated
A: beast (slay +2), almost no armour, amphibious, 8 rings, camouflage 1,
gelatinous body 1, (nimble swimmer 1), tentacles
a: Begin Untransformation, Renounce Religion


You were on level 4 of the Dungeon.
You worshipped Vehumet.
Vehumet was aware of your devotion.
You were a hulking beast.
You visited 1 branch of the dungeon, and saw 4 of its levels.

You collected 102 gold pieces.

Inventory:

Missiles
 e - 10 boomerangs
 g - 6 datura-tipped darts
 i - 2 poisoned darts
Jewellery
 l - a +5 ring of evasion (left tentacle)
Talismans
 b - a beast talisman (active)
 c - a flux talisman
Wands
 m - a wand of flame (27)
Scrolls
 f - a scroll of torment
 h - a scroll of poison
 k - a scroll of amnesia
 o - a scroll of revelation {unknown}
 q - a scroll of fear {unknown}
 r - a scroll of enchant weapon {unknown}
 s - a scroll of silence {unknown}
Potions
 d - a potion of curing
 j - a potion of mutation
 n - a potion of might {unknown}
 p - a potion of enlightenment


   Skills:
 - Level 3.6 Fighting
 - Level 4.0 Dodging
 - Level 4.5 Unarmed Combat
 + Level 0.1 Spellcasting
 + Level 0.2 Conjurations
 + Level 0.2 Fire Magic
 - Level 3.0 Shapeshifting


You had 4 spell levels left.
You knew the following spells:

 Your Spells              Type           Power      Damage    Failure   Level
a - Foxfire               Conj/Fire      0%         2x1d4     30%         1

Your spell library contained the following spells:

 Spells                   Type           Power      Damage    Failure   Level
 Slow                     Hex            0%         N/A       32%         1
 Confusing Touch          Hex            0%         N/A       69%         3
 Vampiric Draining        Necr           0%         2d6       69%         3


Dungeon Overview and Level Annotations

Branches:
Dungeon (4/15) Zot: 21309
 Temple: D:4-7

Altars:
Vehumet


Innate Abilities, Weirdness & Mutations

You are a hulking beast.
Your limbs bulge with bestial killing power. (Slay +2)
You cannot wear most types of armour.
You are amphibious.
You can wear up to eight rings at the same time.
Your skin changes colour to match your surroundings (Stealth+).
Your rubbery body absorbs attacks. (AC +1, EV +1)
((You are camouflaged when in or above water. (Stealth+)))
You have tentacles for arms and can constrict up to eight enemies at once.


Message History

Unknown command.
The orc priest calls down the wrath of Beogh upon you.
Beogh smites you!
* * * LOW HITPOINT WARNING * * *
You take 11 damage, and have 6/42 hp.
MASSIVE DAMAGE!!
Unknown command.
You are too injured to fight recklessly!
Casting: Foxfire (safe; 30% risk of failure)
Press: ? - help, Q - select action, (/) - cycle Dir - look around, f - activate You conjure some foxfire!
Your foxfire dissipates!
Unknown command.
Unknown command.
Casting: Foxfire (safe; 30% risk of failure)
Press: ? - help, Q - select action, (/) - cycle Dir - look around, f - activate You conjure some foxfire!
Your foxfire dissipates!
The foxfire hits the orc priest.
The foxfire hits the orc priest but does no damage.
You now have 2/6 mp.
Unknown command.
Casting: Foxfire (safe; 30% risk of failure)
Press: ? - help, Q - select action, (/) - cycle Dir - look around, f - activate You conjure some foxfire!
The foxfire hits the orc priest.
The foxfire hits the orc priest but does no damage.
The orc closely misses you.
You now have 1/6 mp.
Unknown command.
Unknown command.
Casting: Foxfire (safe; 30% risk of failure)
Press: ? - help, Q - select action, (/) - cycle Dir - look around, f - activate You miscast Foxfire.
You are very lightly contaminated with residual magic.
Nothing appears to happen.
The foxfire hits the orc priest.
The foxfire hits the orc priest but does no damage.
The orc priest mumbles some strange prayers to Beogh against you.
Beogh smites you!
You die...

##### #.##)# o...#
#.##.# ###.# #.##.#
#.###########.##.#
##..........##.##.#
#.).######.....##.#
#...# #.....##.#?.#
#.)†######....§§§.#..#
#..............h###..#
#...##########o.# #..#
#........<#..o..# #.J#
###########.##.## #..#
.........#.#
#..######.#
#######..#.#
#....))...# #......#
#.#########
#.#########.#
#...........#


You could see an orc priest and an orc.

Vanquished Creatures
  A scorpion (D:3)
  A jelly (D:2)
  Ijyb (D:3)
  An orc wizard (D:4)
  5 adders
  3 dart slugs
  A worm (D:3)
  9 orcs
  5 ball pythons
  11 bats
  14 endoplasms
  6 giant cockroaches
  4 goblins
  3 hobgoblins
  6 jackals (D:1)
  13 kobolds
  3 quokkas
  3 frilled lizards
  7 rats
97 creatures vanquished.

Vanquished Creatures (others)
  18 foxfires (D:4)
18 creatures vanquished.

Grand Total: 115 creatures vanquished

Notes
Turn   | Place    | Note
-------+----------+-------------------------------------------
     0 | D:1      | NinjaNoafa the Octopode Shapeshifter began the quest for
                  | the Orb.
     0 | D:1      | Reached XP level 1. HP: 13/13 MP: 1/1
   104 | D:1      | Reached XP level 2. HP: 17/18 MP: 2/2
   413 | D:1      | Reached XP level 3. HP: 24/24 MP: 3/3
  1039 | D:2      | Reached XP level 4. HP: 29/29 MP: 4/4
  1675 | D:3      | Found a radiant altar of Vehumet.
  1680 | D:3      | Reached XP level 5. HP: 36/36 MP: 5/5
  1705 | D:3      | Became a worshipper of Vehumet
  1952 | D:3      | Noticed Ijyb
  1973 | D:3      | Killed Ijyb
  1974 | D:3      | Reached XP level 6. HP: 18/42 MP: 6/6
  2431 | D:4      | Reached * piety under Vehumet
  2431 | D:4      | Offered knowledge of Foxfire by Vehumet.
  2574 | D:4      | Learned a level 1 spell: Foxfire
  2703 | D:4      | Killed from afar by an orc priest

Illustrated notes

Levels and vault maps discovered:
D:1:      lemuel_arrival_muddy, layout_rooms
D:2:      cheibrodos_fertilizer, layout_loops_corners, st_stairs_11
D:3:      layout_loops_cross, vehumet_altar_wand_db, kennysheep_generic_room_2,
          uniq_ijyb
D:4:      layout_basic, minmay_manual_monstrance

Skill      XL: |  1  2  3  4  5  6 |
---------------+-------------------+-----
Fighting       | 2 3 |  3.6
Dodging        | 3 4 |  4.0
Unarmed Combat | 4 |  4.5
Spellcasting   | |  0.1
Conjurations   | |  0.2
Fire Magic     | |  0.2
Shapeshifting  | |  3.0

Action                     |  1- 3 |  4- 6 || total
---------------------------+-------+-------++-------
  Melee: Unarmed           |    86 |   111 ||   197
         Constrict         |    20 |    14 ||    34
         Tentacles         |    13 |    11 ||    24
         Punch             |       |     4 ||     4
   Cast: Foxfire           |       |    11 ||    11
    Use: Scroll            |     5 |     1 ||     6
         Potion            |       |     1 ||     1
   Stab: Sleeping          |     7 |     7 ||    14
 Armour: Skin              |     8 |    11 ||    19
  Dodge: Dodged            |    47 |    79 ||   126
   Form: Flux              |       |     1 ||     1
         Beast             |       |     1 ||     1

Table legend: (Time is in decaauts)
 A = Elapsed time spent in this place.
 B = Non-inter-level travel time spent in this place.
 C = Inter-level travel time spent in this place.
 D = Time resting spent in this place.
 E = Time spent auto-exploring this place.
 F = Levels seen in this place.
 G = Mean time per level.
                   A        B        C        D        E       F      G
               +--------+--------+--------+--------+--------+-----+--------+
         Total |   2689 |   2580 |    109 |    278 |   1669 |   4 |  672.2 |
       Dungeon |   2689 |   2580 |    109 |    278 |   1669 |   4 |  672.2 |
               +--------+--------+--------+--------+--------+-----+--------+

Top non-repeatable levels by time:
     D:2: 1103 daAuts
     D:3: 825 daAuts
     D:1: 483 daAuts
     D:4: 277 daAuts
